AoeStats
← Dirty Dan

Arena

509169749Analyzed
3v3 RM · 6d ago on Sep 25, 2026· 27m 32s· 6 players
Game mode
Random Map
Map size
Normal (6 player)
Population
200
Speed
Normal
Resources
Standard
Victory
Conquest
Starting age
Dark Age
Ending age
Imperial Age
RankedLock teamsTeams togetherTeam positionsShared explorationLock speedFull tech treeHidden civsTurbo modeCheats
Victory
Defeat
🇬🇧 Danes · United Kingdom
1060
+15
🇲🇽 Koreans · Mexico
1044
+16
🇲🇽 Khmer · Mexico
1034
+16
🇩🇪 Celts · Germany
1055
-16
🇩🇪 Danes · Germany
1051
-16
🇩🇪 Franks · Germany
1031
-15
Oswaldo.rdz
10:33 Feudal Age
11:06 Loom
14:05 Castle Age
13:00 Town Watch
13:30 Horse Collar
13:44 Double-Bit Axe
13:42 Horse Collar
14:17 Bloodlines
15:47 Bow Saw
19:22 Husbandry
21:16 Loom
22:08 Wheelbarrow
23:13 Scale Barding Armor
23:20 Forging
Thorin escudo de Roble
9:26 Feudal Age
15:05 Castle Age
13:48 Double-Bit Axe
14:29 Horse Collar
16:13 Wheelbarrow
21:31 Heavy Plow
21:26 Gold Mining
26:24 Hand Cart
26:48 Gold Shaft Mining
26:59 Heavy Plow
27:12 Bow Saw
Wololo
10:45 Feudal Age
14:54 Castle Age
13:26 Double-Bit Axe
16:16 Loom
20:22 Fletching
21:54 Bodkin Arrow
27:18 Scale Mail Armor
Dirty Dan
12:12 Feudal Age
17:21 Castle Age
16:47 Scale Barding Armor
17:59 Double-Bit Axe
18:06 Loom
25:22 Chain Barding Armor
Dagobert
7:58 Loom
10:15 Feudal Age
14:57 Castle Age
13:03 Double-Bit Axe
15:58 Forging
15:59 Arson
19:02 Squires
19:34 Scale Mail Armor
schmitz89
12:04 Feudal Age
16:30 Castle Age
14:50 Double-Bit Axe
15:07 Horse Collar
19:48 Fletching
22:24 Loom
23:03 Scale Mail Armor
23:48 Forging
25:13 Chain Mail Armor
25:34 Iron Casting
Connection lost

Rejoining the realm…

Still unreachable

The connection could not be restored.

Session expired

The server has moved on; the page needs a fresh start.